 Dungeon Crawl Stone Soup version 0.26.0-91-g99b343417d (webtiles) character file.

Game seed: 5707593735598897236

33821 Gadfly the Cleaver (level 14, -4/108 HPs)
             Began as a Formicid Fighter on Feb 3, 2021.
             Was a High Priest of Okawaru.
             Slain by a frost giant
             ... wielding a +0 battleaxe of freezing
              (10 damage)
             ... in an ice cave.
             The game lasted 00:34:12 (19855 turns).

Gadfly the Cleaver (Formicid Fighter)              Turns: 19855, Time: 00:34:12

Health: -4/108     AC: 27    Str: 28      XL:     14   Next: 10%
Magic:  15/21      EV: 10    Int:  8 (9)  God:    Okawaru [*****.]
Gold:   1105       SH: 20    Dex: 10      Spells: 9/13 levels left

rFire    . . .     SeeInvis +   a - +2 battleaxe (freeze)
rCold    . . .     Faith    .   p - +1 kite shield {AC+3}
rNeg     . . .     Spirit   .   G - +0 plate armour
rPois    +         Reflect  +   (helmet unavailable)
rElec    .         Harm     .   H - +0 cloak
rCorr    .         Rampage  .   O - +1 pair of gloves {Str+3}
Will     +....                  r - +0 pair of boots
Stlth    ..........             P - amulet of reflection
HPRegen  0.28/turn              m - +4 ring of slaying
MPRegen  0.17/turn              l - ring of poison resistance

@: heroism, finesse
A: permanent stasis, dig shafts and tunnels, four strong arms, antennae 3, thin
metallic scales 1, mutation resistance 1
a: Dig, Renounce Religion, Heroism, Finesse


You were in an ice cave.
You worshipped Okawaru.
Okawaru was extremely pleased with you.
You visited 3 branches of the dungeon, and saw 18 of its levels.
You also visited: Ossuary and Ice Cave.

You collected 1105 gold pieces.

Inventory:

Hand Weapons
 a - a +2 battleaxe of freezing (weapon)
 b - a +0 arbalest
 k - a +0 war axe
 t - a +4 quarterstaff of chaos
 v - a +2 dire flail of protection
 w - a +2 hand axe of draining
Missiles
 g - 180 bolts
Armour
 p - a +1 kite shield of protection (worn)
 r - a +0 pair of boots (worn)
 G - a +0 plate armour (worn)
 H - a +0 cloak (worn)
 O - a +1 pair of gloves of strength (worn)
Jewellery
 c - an uncursed ring of positive energy
 l - a ring of poison resistance (right hand)
 m - a +4 ring of slaying (left hand)
 A - an uncursed ring of positive energy
 B - an uncursed ring of protection from fire
 P - an amulet of reflection (around neck)
Wands
 o - a wand of paralysis (10)
 z - a wand of iceblast (35)
 D - a wand of flame (31) (quivered)
 I - a wand of disintegration (4)
 J - a wand of random effects (42)
 L - a wand of enslavement (5)
 N - a wand of acid (19)
Scrolls
 i - 6 scrolls of enchant armour
 n - 13 scrolls of remove curse
 q - 2 scrolls of identify
 y - 2 scrolls of fear
 E - 3 scrolls of fog
 F - 3 scrolls of enchant weapon
Potions
 d - 2 potions of might
 e - 2 potions of cancellation
 f - 3 potions of attraction
 h - 4 potions of heal wounds
 j - 5 potions of flight
 s - 9 potions of curing
 u - a potion of lignification
 C - a potion of mutation
 K - 2 potions of resistance
 M - 10 potions of ambrosia


   Skills:
 + Level 9.0(14.0) Fighting
 * Level 10.9(15.9) Axes
 * Level 10.6(15.6) Crossbows
 * Level 9.4(14.4) Armour
 + Level 9.7(14.7) Shields
 + Level 9.6 Invocations
 * Level 9.5 Evocations


You had 9 spell levels left.
You knew the following spells:

 Your Spells              Type           Power        Failure   Level
a - Summon Small Mammal   Summ           0%           95%         1
b - Conjure Flame         Conj/Fire      0%           100%        3

Your spell library contained the following spells:

 Spells                   Type           Power        Failure   Level
 Animate Skeleton         Necr           0%           95%         1
 Apportation              Tloc           0%           95%         1
 Corona                   Hex            0%           95%         1
 Foxfire                  Conj/Fire      0%           95%         1
 Call Imp                 Summ           0%           99%         2
 Slow                     Hex            0%           99%         2
 Call Canine Familiar     Summ           0%           100%        3
 Inner Flame              Hex/Fire       0%           100%        3
 Portal Projectile        Hex/Tloc       0%           100%        3
 Summon Guardian Golem    Hex/Summ       0%           100%        3
 Cause Fear               Hex            0%           100%        4
 Leda's Liquefaction      Hex/Erth       0%           100%        4
 Sticky Flame             Conj/Fire      0%           100%        4
 Summon Ice Beast         Ice/Summ       0%           100%        4
 Summon Lightning Spire   Summ/Air       0%           100%        4
 Fireball                 Conj/Fire      0%           100%        5


Dungeon Overview and Level Annotations

Branches:
Dungeon (12/15)            Temple (1/1) D:4            Lair (5/6) D:11
 Shoals (0/4) Lair:3       Spider (0/4) Lair:3          Orc (0/2) D:10
Ossuary (visited)           IceCv (1/1)
  Slime: Lair:5-6

Altars:
Ashenzari
Cheibriados
Dithmenos
Elyvilon
Fedhas
Gozag
Hepliaklqana
Kikubaaqudgha
Makhleb
Nemelex Xobeh
Okawaru
Qazlal
Ru
Sif Muna
Trog
Uskayaw
Vehumet
Wu Jian
Xom
Yredelemnul
Zin
The Shining One

Shops:
D:6 *   D:8 *


Innate Abilities, Weirdness & Mutations

You cannot be hasted, slowed, berserked, paralysed or teleported.
You can dig through walls and to a lower floor.
Your four strong arms can wield two-handed weapons with a shield.
You have a pair of large antennae on your head. (SInv)
You are partially covered in thin metallic scales. (AC +2)
You are somewhat resistant to further mutation.


Message History

You hit the frost giant.
The frost giant is lightly wounded.
You slice the frost giant!! You freeze the frost giant.
The frost giant is heavily wounded.
The frost giant gestures at you while chanting.
The bolt of cold hits you!!!
* * * LOW HITPOINT WARNING * * *
You hit the frost giant.
The frost giant is heavily wounded.
You block the frost giant's attack.
You feel much better. The frost giant casts a spell at you.
The bolt of cold hits you!!!
* * * LOW HITPOINT WARNING * * *
You feel much better. You block the frost giant's attack.
You can now deal lightning-fast blows.
The frost giant hits you with a +0 battleaxe of freezing!!
* * * LOW HITPOINT WARNING * * *
The frost giant freezes you!
You die...

#....#
##.#.#
###.##
##.#
##.#
#..#
#.##
#.##
##@#
#C#


hY# Yh## hhh ..h# .... ##..# You could see a frost giant, 6 polar bears and 2
yaks.

Vanquished Creatures
  Fannar (Lair:3)
  5 hydras
  A queen ant (D:11)
  A two-headed ogre (D:9)
  A death yak (IceCv)
  An unseen horror (D:10)
  An ugly thing (D:11)
  Maurice (D:8)
  A black mamba (Lair:2)
  A gargoyle (D:11)
  10 cane toads
  4 rime drakes
  10 komodo dragons
  A jumping spider (Lair:3)
  A queen bee (Lair:2)
  9 polar bears
  Prince Ribbit (D:7)
  3 blink frogs (Lair:2)
  A snapping turtle (Lair:3)
  A hornet (D:11)
  A spriggan (D:7)
  2 redbacks (Lair:3)
  A wraith (D:10)
  32 yaks
  2 wyverns (Lair:5)
  3 basilisks
  2 wargs (D:11)
  Edmund (D:4)
  8 soldier ants (D:11)
  Duvessa (D:5)
  11 water moccasins
  A hornet zombie (D:10)
  A black bear (Lair:2)
  2 sky beasts
  4 orc warriors
  An ice beast (D:10)
  5 ogres
  14 wolves (IceCv)
  4 centaurs
  13 bullfrogs
  2 big kobolds
  Dowan (D:5)
  2 water moccasin zombies (Ossuary)
  3 scorpions
  A wyvern skeleton (D:9)
  27 killer bees
  5 wights (D:10)
  3 electric eels
  3 howler monkeys
  11 hounds
  A human zombie (D:5)
  3 orc priests
  Crazy Yiuf (D:3)
  2 centaur skeletons
  3 jellies
  Jessica (D:3)
  Ijyb (D:3)
  3 iguanas
  12 orc wizards
  24 worker ants
  A killer bee zombie (D:9)
  2 big kobold zombies (Ossuary)
  2 mummies (Ossuary)
  A howler monkey zombie (D:8)
  3 gnolls (D:2)
  A howler monkey skeleton (D:10)
  16 adders
  A white imp (D:8)
  2 oozes (D:3)
  4 adder zombies (Ossuary)
  2 worms (D:5)
  3 dart slugs
  8 leopard geckos
  31 orcs
  A ball python (D:1)
  4 giant cockroaches
  4 gnoll zombies (Ossuary)
  17 goblins
  8 hobgoblins
  16 jackals
  9 quokkas
  9 bats
  6 frilled lizards
  7 hobgoblin zombies (Ossuary)
  A jackal zombie (D:8)
  23 kobolds
  4 kobold zombies (Ossuary)
  7 orc zombies
  A quokka zombie (D:7)
  6 rats
473 creatures vanquished.

Vanquished Creatures (others)
  An orc (D:6)
  3 fungi
  80 plants
84 creatures vanquished.

Grand Total: 557 creatures vanquished

Notes
Turn   | Place    | Note
-------+----------+-------------------------------------------
     0 | D:1      | Gadfly the Formicid Fighter began the quest for the Orb.
     0 | D:1      | Reached XP level 1. HP: 18/18 MP: 1/1
    83 | D:1      | Reached XP level 2. HP: 20/24 MP: 2/2
   498 | D:1      | Reached skill level 1 in Invocations
   498 | D:1      | Reached XP level 3. HP: 29/29 MP: 3/3
   747 | D:1      | Reached skill level 1 in Evocations
  1064 | D:2      | Found a broken altar of Ashenzari.
  1176 | D:2      | Reached skill level 1 in Crossbows
  1176 | D:2      | Reached XP level 4. HP: 35/35 MP: 5/5
  1617 | D:2      | Reached XP level 5. HP: 37/42 MP: 6/6
  1969 | D:3      | Found a runed translucent door.
  1970 | D:3      | Noticed Crazy Yiuf
  2002 | D:3      | Noticed Jessica
  2007 | D:3      | Killed Jessica
  2266 | D:3      | Noticed Ijyb
  2274 | D:3      | Killed Ijyb
  2275 | D:3      | Reached XP level 6. HP: 48/48 MP: 7/7
  3048 | D:3      | Killed Crazy Yiuf
  3096 | D:4      | Noticed Edmund
  3108 | D:4      | Killed Edmund
  3109 | D:4      | Reached XP level 7. HP: 43/54 MP: 9/9
  3329 | D:4      | Found a staircase to the Ecumenical Temple.
  3349 | Temple   | Entered the Ecumenical Temple
  3376 | Temple   | Became a worshipper of Warmaster Okawaru
  3752 | D:4      | Gained mutation: Armour fits poorly on your strangely
                  | shaped body. [potion of mutation]
  3752 | D:4      | Gained mutation: You possess an exceptional clarity of
                  | mind. [potion of mutation]
  3753 | D:4      | Lost mutation: Armour fits poorly on your strangely shaped
                  | body. [potion of mutation]
  3753 | D:4      | Gained mutation: You are partially covered in molten
                  | scales. (AC +2) [potion of mutation]
  3753 | D:4      | Gained mutation: You have large cloven feet. [potion of
                  | mutation]
  4042 | D:5      | Entered Level 5 of the Dungeon
  4042 | D:5      | Noticed Duvessa
  4042 | D:5      | Noticed Dowan
  4053 | D:5      | Killed Duvessa
  4054 | D:5      | Killed Dowan
  4054 | D:5      | Reached * piety under Okawaru
  4131 | D:5      | Reached XP level 8. HP: 48/61 MP: 9/11
  4276 | D:5      | Found a sand-covered staircase.
  4333 | Ossuary  | Entered an ossuary
  4516 | Ossuary  | Reached ** piety under Okawaru
  4752 | D:5      | Reached skill level 5 in Shields
  5123 | D:5      | Found a shimmering blue altar of Sif Muna.
  5690 | D:6      | Reached XP level 9. HP: 67/67 MP: 12/12
  5754 | D:6      | Found a transporter.
  5771 | D:6      | Found a transporter.
  5964 | D:6      | Reached skill level 5 in Axes
  6245 | D:6      | Found Bymet's Assorted Antiques.
  6552 | D:6      | Reached skill level 5 in Armour
  6738 | D:7      | Noticed Prince Ribbit
  6766 | D:7      | Killed Prince Ribbit
  6767 | D:7      | Reached skill level 5 in Fighting
  6767 | D:7      | Reached skill level 5 in Invocations
  6951 | D:7      | Reached *** piety under Okawaru
  6952 | D:7      | Reached skill level 5 in Evocations
  7795 | D:8      | Noticed Maurice
  7849 | D:8      | Reached skill level 5 in Crossbows
  8018 | D:8      | Noticed an angel
  8022 | D:8      | Found Xipotz's Hallowed Reliquary.
  8023 | D:8      | Found a white marble altar of Elyvilon.
  8050 | D:8      | Found a glowing golden altar of the Shining One.
  8097 | D:8      | Killed Maurice
  8097 | D:8      | Reached **** piety under Okawaru
  8097 | D:8      | Received a gift from Okawaru
  8098 | D:8      | Reached XP level 10. HP: 72/74 MP: 14/14
  8197 | D:8      | Found a snail-covered altar of Cheibriados.
  8197 | D:8      | Found a stormy altar of Qazlal.
  8198 | D:8      | Found an ancient bone altar of Kikubaaqudgha.
  8661 | D:8      | Found a blossoming altar of Fedhas.
  9074 | D:8      | Lost mutation: You possess an exceptional clarity of mind.
                  | [potion of mutation]
  9074 | D:8      | Lost mutation: You have large cloven feet. [potion of
                  | mutation]
  9074 | D:8      | Gained mutation: You do not regenerate when monsters are
                  | visible. [potion of mutation]
  9074 | D:8      | Gained mutation: You have large cloven feet. [potion of
                  | mutation]
  9074 | D:8      | Gained mutation: Your spells are a little harder to cast,
                  | but a little more powerful. [potion of mutation]
  9075 | D:8      | Lost mutation: Your spells are a little harder to cast, but
                  | a little more powerful. [potion of mutation]
  9075 | D:8      | Lost mutation: You have large cloven feet. [potion of
                  | mutation]
  9075 | D:8      | Lost mutation: You do not regenerate when monsters are
                  | visible. [potion of mutation]
  9075 | D:8      | Lost mutation: You are partially covered in molten scales.
                  | (AC +2) [potion of mutation]
  9075 | D:8      | Gained mutation: You are somewhat resistant to further
                  | mutation. [potion of mutation]
  9075 | D:8      | Gained mutation: You are partially covered in thin metallic
                  | scales. (AC +2) [potion of mutation]
  9113 | D:9      | Noticed a two-headed ogre
  9157 | D:9      | Found a burning altar of Makhleb.
  9696 | D:9      | Killed a two-headed ogre
  9908 | D:9      | Reached ***** piety under Okawaru
 10195 | D:9      | Found a shimmering blue altar of Sif Muna.
 10324 | D:10     | Entered Level 10 of the Dungeon
 10387 | D:10     | Received a gift from Okawaru
 10515 | D:10     | Found a staircase to the Orcish Mines.
 10534 | D:10     | Reached XP level 11. HP: 83/83 MP: 16/16
 10562 | D:10     | Noticed an unseen horror
 10577 | D:10     | Killed an unseen horror
 11735 | D:11     | Received a gift from Okawaru
 11850 | D:11     | Noticed a queen ant
 11875 | D:11     | Killed a queen ant
 11879 | D:11     | Reached ****** piety under Okawaru
 12341 | D:11     | Found a staircase to the Lair.
 12948 | D:11     | Noticed a green ugly thing
 12964 | D:11     | Killed a green ugly thing
 13087 | Lair:1   | Entered Level 1 of the Lair of Beasts
 13107 | Lair:1   | Reached XP level 12. HP: 49/91 MP: 14/17
 13747 | Lair:1   | Noticed a seven-headed hydra
 13947 | Lair:1   | Killed a seven-headed hydra
 14228 | Lair:1   | Noticed an eight-headed hydra
 14238 | Lair:1   | Killed an eight-headed hydra
 14238 | Lair:1   | Received a gift from Okawaru
 15800 | Lair:2   | Reached XP level 13. HP: 59/98 MP: 19/19
 16476 | Lair:3   | Noticed Fannar
 16492 | Lair:3   | Killed Fannar
 16493 | Lair:3   | Reached skill level 10 in Axes
 16734 | Lair:3   | Found a hole to the Spider Nest.
 17003 | Lair:3   | Found a staircase to the Shoals.
 17119 | Lair:3   | Received a gift from Okawaru
 17823 | Lair:4   | Reached skill level 10 in Crossbows
 17953 | Lair:4   | Noticed a seven-headed hydra
 17957 | Lair:4   | Killed a seven-headed hydra
 18270 | Lair:4   | Received a gift from Okawaru
 18813 | Lair:4   | Learned a level 1 spell: Summon Small Mammal
 18817 | Lair:4   | Learned a level 3 spell: Conjure Flame
 18834 | Lair:5   | Noticed a seven-headed hydra
 18919 | Lair:5   | Killed a seven-headed hydra
 19060 | Lair:5   | Noticed a five-headed hydra
 19065 | Lair:5   | Found a frozen archway.
 19078 | Lair:5   | Killed a six-headed hydra
 19105 | IceCv    | Entered an ice cave
 19695 | IceCv    | Received a gift from Okawaru
 19696 | IceCv    | Reached XP level 14. HP: 108/108 MP: 21/21
 19833 | IceCv    | Noticed a frost giant
 19846 | IceCv    | Received a gift from Okawaru
 19855 | IceCv    | Slain by a frost giant

Illustrated notes

Levels and vault maps discovered:
D:1:      lemuel_arrival_room, layout_basic, amcnicky_mini_corridor_feature
D:2:      layout_basic, marbit_many_paths, serial_park_tiny_1
D:3:      kennysheep_goblin_castle, layout_loops_cross, uniq_crazy_yiuf_cottage,
          uniq_jessica
D:4:      layout_basic, minmay_temple_entry_ruins, uniq_edmund
D:5:      layout_basic, enter_ossuary_3, st_stairs_3,
          hangedman_decor_clover_reticule, tgw_sif, uniq_duvessa
D:6:      gammafunk_steamed_eel, layout_basic, serial_shops,
          nicolae_shop_statue_plus
D:7:      layout_cave_pods, the_bakery, uniq_prince_ribbit1
D:8:      layout_layer_cave, tso_metal_star, kennysheep_mini_moat,
          gammafunk_temple_overflow_forgotten, nicolae_good_shop, uniq_maurice
D:9:      layout_roguey, kennysheep_mini, general_overflow_altar
D:10:     layout_roguey, orc_0_dummy
D:11:     layout_stronghold, erik_lair_orcish_takeover, minmay_another_anthill
D:12:     layout_roguey, enter_trove_5, hangedman_cracks_in_the_wall
Temple:   nicolae_temple_great_sept
Lair:1:   layout_regular_city, serial_bayou_shore_a
Lair:2:   layout_concentric_octagons, special_room [special_room_bee],
          beast_lair_carwin_5, grunt_megastairs_3
Lair:3:   layout_roguey, minmay_shoals_entry_hut, spider_nest_entry_a,
          serial_forest, infiniplex_forest_zigzag_1,
          infiniplex_forest_clump_double, infiniplex_forest_diagonal,
          infiniplex_forest_join, infiniplex_forest_straight_4,
          infiniplex_forest_clump_curved, uniq_fannar
Lair:4:   layout_cave_pods, beast_lair_carwin_4, grunt_megastairs_4
Lair:5:   regret_index_combs_of_tragedy, layout_gridlike,
          portal_ice_cave_entry_pillars_1, beast_lair_carwin_11,
          lemuel_fruit_tree
IceCv:    ice_cave_caverns_03

Skill      XL: |  1  2  3  4  5  6  7  8  9 10 11 12 13 |
---------------+----------------------------------------+-----
Invocations    | 1 2 3 4 5 6 7 8 9 |  9.6
Evocations     | 1 2 3 4 5 6 7 8 9 |  9.5
Crossbows      | 1 2 3 4 5 6 8 9 10 | 10.6
Axes           | 3 4 6 7 8 9 10 | 10.9
Shields        | 4 5 6 7 8 9 |  9.7
Fighting       | 4 5 6 7 8 9 |  9.0
Armour         | 4 5 6 7 8 9 |  9.4

Action                   |  1- 3 |  4- 6 |  7- 9 | 10-12 | 13-15 || total
-------------------------+-------+-------+-------+-------+-------++-------
Melee: Hand axe          |    85 |   137 |   325 |   654 |   188 ||  1389
       Dire flail        |       |       |       |    20 |    15 ||    35
       Battleaxe         |       |       |       |       |   140 ||   140
 Fire: Arbalest          |       |       |     6 |    56 |    19 ||    81
Invok: Heroism           |       |       |       |     1 |     1 ||     2
       Finesse           |       |       |       |       |     1 ||     1
 Abil: Dig               |       |       |     3 |     1 |       ||     4
Evoke: Wand              |       |       |     4 |     3 |    12 ||    19
  Use: Scroll            |     7 |     3 |     8 |     2 |     5 ||    25
       Potion            |       |     1 |     4 |     4 |     3 ||    12
Armor: Scale mail        |    43 |    49 |     1 |       |       ||    93
       Chain mail        |       |       |   114 |    36 |       ||   150
       Plate armour      |       |       |       |   376 |   184 ||   560
Dodge: Dodged            |    31 |    44 |    62 |   181 |    73 ||   391
Block: Kite shield       |    39 |    68 |   137 |   419 |   281 ||   944
       Reflection        |       |       |       |       |     1 ||     1
